 Dungeon Crawl Stone Soup version 0.25-a0-424-g80bd347ae0 (webtiles) character file.

Game seed: 14220274407702619916, levelgen mode: deterministic

58 Lugonue the Sneak (level 4, -8/21 HPs)
             Began as a Vine Stalker Enchanter on Jan 22, 2020.
             Mangled by Sigmund
             ... wielding a +0 scythe
              (12 damage)
             ... on level 2 of the Dungeon.
             The game lasted 00:03:01 (1356 turns).

Lugonue the Sneak (Vine Stalker Enchanter)          Turns: 1356, Time: 00:03:02

Health: -8/21      AC:  4    Str: 10    XL:     4   Next: 1%
Magic:  0/8        EV: 12    Int: 15    God:
Gold:   104        SH:  0    Dex: 16    Spells: 4/7 levels left

rFire    + . .     SeeInvis .   a - +2 dagger
rCold    + . .     Gourm    .   (no shield)
rNeg     . . .     Faith    .   p - +1 leather armour {rF+}
rPois    .         Spirit   +   (no helmet)
rElec    .         Reflect  .   (no cloak)
rCorr    .         Harm     .   (no gloves)
MR       .....                  (no boots)
Stlth    +++.......             (no amulet)
HPRegen  0.47/turn              l - ring of protection from cold
MPRegen  0.11/turn              (no ring)

@: flying, very slightly contaminated
A: fangs 2, regeneration 1, magic shield, antimagic bite, no potion heal 3, rot
immunity
a: no special abilities


You were on level 2 of the Dungeon.
You were hungry.

You visited 1 branch of the dungeon, and saw 3 of its levels.

You collected 104 gold pieces.

Inventory:

Hand Weapons
 a - a +2 dagger (weapon)
Armour
 b - a +0 robe
 p - a +1 leather armour of fire resistance (worn)
Jewellery
 l - a ring of protection from cold (left hand)
Scrolls
 c - a scroll of remove curse
 i - a scroll of random uselessness
 r - a scroll of blinking {unknown}
Potions
 e - a potion of degeneration {unknown}
 f - a potion of agility {unknown}
 j - 2 potions of flight
 m - a potion of heal wounds {unknown}
 n - a potion of berserk rage {unknown}
 o - a potion of curing {unknown}
Comestibles
 d - 2 rations
 q - a chunk of flesh


   Skills:
 + Level 0.5 Fighting
 + Level 1.2 Short Blades
 + Level 1.7 Dodging
 * Level 5.0 Stealth
 + Level 2.4 Spellcasting
 + Level 3.3 Hexes


You had 4 spell levels left.
You knew the following spells:

 Your Spells              Type           Power        Failure   Level  Hunger
a - Corona                Hex            ##.....      8%          1    #......
b - Ensorcelled Hibernat  Hex/Ice        #.....       22%         2    ###....

Your spell library contained the following spells:

 Spells                   Type           Power        Failure   Level  Hunger
 Confusing Touch          Hex            ##......     22%         3    ###....
 Tukima's Dance           Hex            ##......     22%         3    ###....
 Dazzling Flash           Conj/Hex       #.....       41%         3    ###....


Dungeon Overview and Level Annotations

Branches:
Dungeon (3/15)

Altars:
Fedhas
Qazlal
Wu Jian

Annotations:
D:2 Sigmund


Innate Abilities, Weirdness & Mutations

You have extremely sharp teeth.
Your natural rate of healing is unusually fast.
When hurt, damage is shared between your health and your magic reserves.
Your bite disrupts and absorbs the magic of your enemies.
Potions cannot restore your health.
You are immune to rotting.


Message History

The magic dart hits you. The hobgoblin hits you with a +0 club.
Casting: Ensorcelled Hibernation (safe; 22% risk of failure)
Confirm with . or Enter, or press ? or * to list all spells.
Aiming: Corona (safe; 8% risk of failure)
Press: ? - help, Shift-Dir - straight line, f/p - Sigmund
Aim: Sigmund, wielding a +0 scythe and wearing a +0 robe (blue smoke, moderately wounded, chance to defeat MR: 55%) Sigmund is outlined in light.
Sigmund misses you. The hobgoblin barely misses you.
You hit Sigmund but do no damage. You bite Sigmund, but do no damage.
Sigmund is moderately wounded.
The hobgoblin hits you with a +0 club. Sigmund hits you with a +0 scythe.
* * * LOW HITPOINT WARNING * * *
You hit Sigmund but do no damage.
Sigmund is moderately wounded.
A ball python comes into view.
The hobgoblin hits you with a +0 club.
* * * LOW HITPOINT WARNING * * *
Sigmund hits you from afar with a +0 scythe!
Ouch! That really hurt!
You die...

. .. S. #####.###
§§§§.(.....(#
#g@§........# #§#
#......### #@#
#........ # #§#
#......##.# #§#
#.........#
#.####.......###
#.............%.
########'#########
#.........#
###.....#.#
######### #.###.#


You could see Sigmund and a hobgoblin.

Vanquished Creatures
  Jessica (D:2)
  An ooze (D:3)
  A worm (D:3)
  A dart slug (D:3)
  A giant cockroach (D:1)
  4 goblins
  4 hobgoblins
  2 jackals (D:3)
  A quokka (D:3)
  2 bats
  2 frilled lizards (D:1)
  A kobold (D:3)
  A rat (D:3)
22 creatures vanquished.

Notes
Turn   | Place    | Note
-------+----------+-------------------------------------------
     0 | D:1      | Lugonue the Vine Stalker Enchanter began the quest for the
                  | Orb.
     0 | D:1      | Reached XP level 1. HP: 9/9 MP: 4/4
   370 | D:1      | Reached skill level 4 in Stealth
   558 | D:1      | Reached XP level 2. HP: 13/13 MP: 6/6
   669 | D:2      | Noticed Jessica
   680 | D:2      | Killed Jessica
   680 | D:2      | Reached skill level 1 in Short Blades
   680 | D:2      | Reached XP level 3. HP: 9/16 MP: 3/7
   763 | D:3      | Found a blossoming altar of Fedhas.
   764 | D:3      | Found a stormy altar of Qazlal.
   794 | D:3      | Learned a level 2 spell: Ensorcelled Hibernation
   820 | D:3      | Found an ornate altar of the Wu Jian Council.
  1130 | D:3      | Reached skill level 5 in Stealth
  1272 | D:3      | Gained mutation: Your natural rate of healing is unusually
                  | fast. [Vine Stalker growth]
  1272 | D:3      | Reached XP level 4. HP: 21/21 MP: 8/8
  1323 | D:2      | Noticed Sigmund
  1356 | D:2      | Mangled by Sigmund

Levels and vault maps discovered:
D:1:      minmay_arrival_checkered_box, layout_basic
D:2:      layout_basic, uniq_sigmund, uniq_jessica
D:3:      layout_loops_ring, grunt_temple_overflow_forces_of_nature,
          nicolae_overflow_crystal_walls

Skill      XL: |  1  2  3 |
---------------+----------+-----
Stealth        | 4 5 |  5.0
Short Blades   | 1 |  1.2
Fighting       | |  0.5
Dodging        | |  1.7
Spellcasting   | |  2.4
Hexes          | |  3.3

Action                   |  1- 3 |  4- 6 || total
-------------------------+-------+-------++-------
Melee: Dagger            |    66 |    12 ||    78
       Bite              |    13 |     4 ||    17
 Cast: Ensorcelled Hiber |     2 |     2 ||     4
       Corona            |       |     1 ||     1
  Use: Scroll            |     2 |     4 ||     6
       Potion            |       |     1 ||     1
 Stab: Sleeping          |     6 |       ||     6
  Eat: Chunk             |     1 |       ||     1
Armor: Robe              |    11 |       ||    11
       Leather armour    |     1 |       ||     1
Dodge: Dodged            |    47 |    12 ||    59

Table legend:
 A = Non-vault XP
 B = Vault XP
 C = Vault XP percentage of total XP
 D = Non-vault monster count
 E = Vault monster count
 F = Vault count percentage of total count
                 A         B        C        D         E       F
            +---------+---------+-------+---------+---------+-------
      Total |      46 |      37 |  44.6 |      21 |       1 |   4.5
            +---------+---------+-------+---------+---------+-------
        D:1 |      10 |       0 |   0.0 |       6 |       0 |   0.0
        D:2 |       1 |      37 |  97.4 |       1 |       1 |  50.0
        D:3 |      35 |       0 |   0.0 |      14 |       0 |   0.0
            +---------+---------+-------+---------+---------+-------
